TOP OF THE 1ST |
---|
West Virginia Power batting - Pitching for Salem Silver Souls : RHP Roberto Deleón | Pitching: RHP Roberto Deleón | | Batting: RHB Matt Tucker | 0-0: Foul Ball, location: 2F 0-1: Ball 1-1: Swinging Strike 1-2: Ball 2-2: Ball 3-2: Strikes out looking | Batting: RHB Joaquín Vásquez | 0-0: Swinging Strike 0-1: Ball 1-1: Ball 2-1: Ground out 4-3 (Groundball, 4S) | Batting: RHB Joe Salas | 0-0: Ball 1-0: Foul Ball, location: 2F 1-1: Swinging Strike 1-2: Ground out 4-3 (Groundball, 4M) | Top of the 1st over - 0 runs, 0 hits, 0 errors, 0 left on base; West Virginia 0 - Salem 0 | BOTTOM OF THE 1ST |
---|
Salem Silver Souls batting - Pitching for West Virginia Power : RHP Luis García | Pitching: RHP Luis García | | Batting: RHB Júlio Rodríguez | 0-0: Called Strike 0-1: Ground out 3-1 (Groundball, 34D) | Batting: RHB Carlos Sánchez | 0-0: Ground out 5-3 (Groundball, 5) | Batting: LHB Jeff Forsyth | 0-0: SINGLE (Line Drive, 8LM) | Batting: LHB Hamilton Hughes | 0-0: Swinging Strike 0-1: Foul Ball, location: 2F 0-2: Fly out, F7 (Flyball, 7LSF) | Bottom of the 1st over - 0 runs, 1 hit, 0 errors, 1 left on base; West Virginia 0 - Salem 0 | TOP OF THE 2ND |
---|
West Virginia Power batting - Pitching for Salem Silver Souls : RHP Roberto Deleón | Batting: LHB Jorge Luna | 0-0: Ball 1-0: Foul Ball, location: 2F 1-1: Ball 2-1: Ball 3-1: Foul Ball, location: 2F 3-2: Strikes out looking | Batting: RHB Emory Brooks | 0-0: Fly out, F8 (Flyball, 8LS) | Batting: RHB Millard Walker | 0-0: Called Strike 0-1: Ball 1-1: Fly out, F9 (Flyball, 9S) | Top of the 2nd over - 0 runs, 0 hits, 0 errors, 0 left on base; West Virginia 0 - Salem 0 | BOTTOM OF THE 2ND |
---|
Salem Silver Souls batting - Pitching for West Virginia Power : RHP Luis García | Batting: SHB Dale Winters | 0-0: SINGLE (Line Drive, 7S) | Batting: SHB Dawson Fowler | 0-0: Called Strike 0-1: Foul Ball, location: 2F 0-2: Ball 1-2: Foul Ball, location: 2F 1-2: Foul Ball, location: 2F 1-2: Strikes out swinging | Batting: LHB Howard Holder | 0-0: Called Strike 0-1: Grounds into double play, 6-4-3 (Groundball, 6) | Bottom of the 2nd over - 0 runs, 1 hit, 0 errors, 0 left on base; West Virginia 0 - Salem 0 | TOP OF THE 3RD |
---|
West Virginia Power batting - Pitching for Salem Silver Souls : RHP Roberto Deleón | Batting: RHB Vaughan Shelton | 0-0: Ball 1-0: Foul Ball, location: 2F 1-1: Ground out U3 (Groundball, 34) | Batting: RHB Julián Garza | 0-0: Swinging Strike 0-1: Swinging Strike 0-2: Ball 1-2: Ball 2-2: Strikes out looking | Batting: RHB Nick Mackin | 0-0: Called Strike 0-1: Ball 1-1: Ground out 6-3 (Groundball, 6) | Top of the 3rd over - 0 runs, 0 hits, 0 errors, 0 left on base; West Virginia 0 - Salem 0 | BOTTOM OF THE 3RD |
---|
Salem Silver Souls batting - Pitching for West Virginia Power : RHP Luis García | Batting: RHB José Dávila | 0-0: Called Strike 0-1: Ball 1-1: Swinging Strike 1-2: Strikes out swinging | Batting: SHB Caleb Hart | 0-0: Ball 1-0: Ball 2-0: Ball 3-0: Foul Ball, location: 2F 3-1: Called Strike 3-2: Base on Balls | Batting: RHB Júlio Rodríguez | 0-0: Ball 1-0: Swinging Strike 1-1: Foul Ball, location: 2F 1-2: Ball 2-2: Strikes out swinging | Batting: RHB Carlos Sánchez | 0-0: Called Strike 0-1: Fly out, F8 (Flyball, 8RM) | Bottom of the 3rd over - 0 runs, 0 hits, 0 errors, 1 left on base; West Virginia 0 - Salem 0 | TOP OF THE 4TH |
---|
West Virginia Power batting - Pitching for Salem Silver Souls : RHP Roberto Deleón | Batting: RHB Matt Tucker | 0-0: Called Strike 0-1: Ball 1-1: Called Strike 1-2: Foul Ball, location: 2F 1-2: SINGLE (Line Drive, 7LS) | Batting: RHB Joaquín Vásquez | 0-0: Ball 1-0: SINGLE (Line Drive, 89M) Matt Tucker to second | Batting: RHB Joe Salas | 0-0: Foul Ball, location: 2F 0-1: Foul Ball, location: 2F 0-2: Foul Ball, location: 2F 0-2: Fielders Choice at 2nd, 5-4 (Groundball, 56) Matt Tucker to third | Batting: LHB Jorge Luna | 0-0: Swinging Strike 0-1: Ball 1-1: Ball 2-1: Called Strike 2-2: Foul Ball, location: 2F 2-2: Fly out, F8 (Flyball, 78D) Runner from 3rd tags up, SCORES, no throw | Batting: RHB Emory Brooks | 0-0: Called Strike 0-1: Ball 1-1: Called Strike 1-2: Strikes out swinging | Top of the 4th over - 1 run, 2 hits, 0 errors, 1 left on base; West Virginia 1 - Salem 0 | BOTTOM OF THE 4TH |
---|
Salem Silver Souls batting - Pitching for West Virginia Power : RHP Luis García | Batting: LHB Jeff Forsyth | 0-0: Ball 1-0: Ball 2-0: Foul Ball, location: 2F 2-1: Called Strike 2-2: Foul Ball, location: 2F 2-2: Ball 3-2: Base on Balls | Batting: LHB Hamilton Hughes | 0-0: Ball 1-0: Ball 2-0: SINGLE (Groundball, 4MD) Jeff Forsyth to second Runner from 2nd tries for 3rd, SAFE, throw made at trailing runner, OUT! | Batting: SHB Dale Winters | 0-0: Fly out, F8 (Flyball, 8LM) Runner from 3rd tags up, OUT at HOME | Bottom of the 4th over - 0 runs, 1 hit, 0 errors, 0 left on base; West Virginia 1 - Salem 0 | TOP OF THE 5TH |
---|
West Virginia Power batting - Pitching for Salem Silver Souls : RHP Roberto Deleón | Batting: RHB Millard Walker | 0-0: Swinging Strike 0-1: SINGLE (Groundball, 25) (infield hit) | Batting: RHB Vaughan Shelton | 0-0: Foul Ball, location: 2F 0-1: Called Strike 0-2: Ball 1-2: Foul Ball, location: 2F 1-2: Foul Ball, location: 2F 1-2: Strikes out swinging | Batting: RHB Julián Garza | 0-0: Ball 1-0: Called Strike 1-1: Foul Ball, location: 2F 1-2: Foul Ball, location: 2F 1-2: Ball 2-2: Ball 3-2: Strikes out swinging | Batting: RHB Nick Mackin | 0-0: Ball 1-0: Ground out 3-1 (Groundball, 34S) | Top of the 5th over - 0 runs, 1 hit, 0 errors, 1 left on base; West Virginia 1 - Salem 0 | BOTTOM OF THE 5TH |
---|
Salem Silver Souls batting - Pitching for West Virginia Power : RHP Luis García | Batting: SHB Dawson Fowler | 0-0: Ball 1-0: Ball 2-0: Called Strike 2-1: SOLO HOME RUN (Flyball, 9LD), Distance : 351 ft | Batting: LHB Howard Holder | 0-0: Ball 1-0: Ball 2-0: Ball 3-0: Called Strike 3-1: Fly out, F9 (Flyball, 9D) | Batting: RHB José Dávila | 0-0: Foul Ball, location: 2F 0-1: SOLO HOME RUN (Flyball, 7LD), Distance : 350 ft | Batting: SHB Caleb Hart | 0-0: Swinging Strike 0-1: Called Strike 0-2: Ball 1-2: Strikes out looking | Batting: RHB Júlio Rodríguez | 0-0: Ball 1-0: Ball 2-0: Swinging Strike 2-1: Foul Ball, location: 2F 2-2: Foul Ball, location: 2F 2-2: Ball 3-2: Strikes out swinging | Bottom of the 5th over - 2 runs, 2 hits, 0 errors, 0 left on base; West Virginia 1 - Salem 2 | TOP OF THE 6TH |
---|
West Virginia Power batting - Pitching for Salem Silver Souls : RHP Roberto Deleón | Batting: RHB Matt Tucker | 0-0: Foul Ball, location: 2F 0-1: Ball 1-1: Foul Ball, location: 2F 1-2: Fly out, F9 (Flyball, 9S) | Batting: RHB Joaquín Vásquez | 0-0: Ball 1-0: Called Strike 1-1: Foul Ball, location: 2F 1-2: Ball 2-2: Strikes out swinging | Batting: RHB Joe Salas | 0-0: Ball 1-0: DOUBLE (Line Drive, 89XD) | Batting: LHB Jorge Luna | 0-0: Ball 1-0: Ball 2-0: Swinging Strike 2-1: Foul Ball, location: 2F 2-2: Foul Ball, location: 2F 2-2: Ball 3-2: Base on Balls | Batting: RHB Emory Brooks | 0-0: Foul Ball, location: 2F 0-1: Ball 1-1: Called Strike 1-2: Ball 2-2: Strikes out swinging | Top of the 6th over - 0 runs, 1 hit, 0 errors, 2 left on base; West Virginia 1 - Salem 2 | BOTTOM OF THE 6TH |
---|
Salem Silver Souls batting - Pitching for West Virginia Power : RHP Luis García | Batting: RHB Carlos Sánchez | 0-0: Called Strike 0-1: SINGLE (Groundball, 6MD) | Batting: LHB Jeff Forsyth | 0-0: Called Strike 0-1: Ball 1-1: Called Strike 1-2: Ball 2-2: Ball 3-2: Fly out, F7 (Flyball, 7LSF) | Batting: LHB Hamilton Hughes | 0-0: Ball Carlos Sánchez is caught stealing 2nd base 1-0: Ball 2-0: Called Strike 2-1: Called Strike 2-2: Foul Ball, location: 2F 2-2: SINGLE (Line Drive, 89S) | Pinch Runner at 1st Felipe Rivera: | | Batting: SHB Dale Winters | 0-0: Ball Felipe Rivera steals 2nd base 1-0: Called Strike 1-1: Called Strike 1-2: Fly out, F7 (Flyball, 7S) | Bottom of the 6th over - 0 runs, 2 hits, 0 errors, 1 left on base; West Virginia 1 - Salem 2 | TOP OF THE 7TH |
---|
West Virginia Power batting - Pitching for Salem Silver Souls : RHP Roberto Deleón | Pitching: LHP Reynaldo Vázquez | | Now at 1B: Juan Becerra | | Batting: RHB Millard Walker | 0-0: Called Strike 0-1: Foul Ball, location: 2F 0-2: Foul Ball, location: 2F 0-2: Foul Ball, location: 2F 0-2: Strikes out swinging, 2-3 out at first. | Batting: RHB Vaughan Shelton | 0-0: Foul Ball, location: 2F 0-1: Ball 1-1: SOLO HOME RUN (Line Drive, 7LD), Distance : 353 ft | Pinch Hitting: RHB Diego Benítez | 0-0: Called Strike 0-1: Ball 1-1: SINGLE (Line Drive, 6MD) | Pinch Hitting: RHB Luis Árias | 0-0: Ball 1-0: Ball 2-0: Ball 3-0: Called Strike 3-1: Called Strike 3-2: Fly out, F8 (Flyball, 78D) | Batting: RHB Matt Tucker | 0-0: Ball 1-0: Ball 2-0: Ball 3-0: Called Strike 3-1: Foul Ball, location: 2F 3-2: Base on Balls Diego Benítez to second | Batting: RHB Joaquín Vásquez | 0-0: Called Strike 0-1: Called Strike 0-2: Ball 1-2: Ball 2-2: Strikes out swinging | Top of the 7th over - 1 run, 2 hits, 0 errors, 2 left on base; West Virginia 2 - Salem 2 | BOTTOM OF THE 7TH |
---|
Salem Silver Souls batting - Pitching for West Virginia Power : RHP Luis García | Pitching: RHP Drake Johnston | | Now at 3B: Diego Benítez | | Now in RF: Luis Árias | | Batting: SHB Dawson Fowler | 0-0: Called Strike 0-1: Foul Ball, location: 2F 0-2: Ball 1-2: Strikes out looking | Batting: LHB Howard Holder | 0-0: Called Strike 0-1: Swinging Strike 0-2: Foul Ball, location: 2F 0-2: Ball 1-2: Fly out, F9 (Flyball, 9) | Pinch Hitting: SHB Tony Yan | 0-0: Ball 1-0: Ball 2-0: Ball 3-0: Called Strike 3-1: Foul Ball, location: 2F 3-2: Fly out, F9 (Flyball, 9LM) | Bottom of the 7th over - 0 runs, 0 hits, 0 errors, 0 left on base; West Virginia 2 - Salem 2 | TOP OF THE 8TH |
---|
West Virginia Power batting - Pitching for Salem Silver Souls : LHP Reynaldo Vázquez | Now at SS: Tony Yan | | Batting: RHB Joe Salas | 0-0: Ground out 5-3 (Groundball, 56) | Pinch Hitting: RHB Luis Quezada | 0-0: Swinging Strike 0-1: Ball 1-1: Fly out, F8 (Flyball, 8RD) | Batting: RHB Emory Brooks | 0-0: Foul Ball, location: 2F 0-1: Fly out, F9 (Flyball, 89S) | Top of the 8th over - 0 runs, 0 hits, 0 errors, 0 left on base; West Virginia 2 - Salem 2 | BOTTOM OF THE 8TH |
---|
Salem Silver Souls batting - Pitching for West Virginia Power : RHP Drake Johnston | Now in LF: Juan Carlos Ramos | | Pinch Hitting: SHB Felipe Castro | 0-0: Called Strike 0-1: Ball 1-1: Fly out, F9 (Flyball, 9D) | Batting: RHB Júlio Rodríguez | 0-0: Ball 1-0: Foul Ball, location: 2F 1-1: Swinging Strike 1-2: DOUBLE (Line Drive, 8LXD) | Batting: RHB Carlos Sánchez | 0-0: SINGLE (Flyball, 89M) Júlio Rodríguez to third | Batting: LHB Jeff Forsyth | 0-0: Ball Carlos Sánchez steals 2nd base 1-0: Intentional Walk | Pinch Hitting: SHB Alberto Sandoval | 0-0: Called Strike 0-1: Fly out, F7 (Flyball, 78S) Runner from 3rd tags up, SCORES, no throw | Batting: SHB Dale Winters | 0-0: Ball 1-0: Foul Ball, location: 2F 1-1: DOUBLE (Line Drive, 78D) Carlos Sánchez scores Jeff Forsyth to third Runner from 3rd tries for Home, SAFE, no throw | Pitching: RHP Esteban Garza | | Batting: SHB Dawson Fowler | 0-0: Called Strike 0-1: Ball 1-1: Swinging Strike 1-2: Ball 2-2: Foul Ball, location: 2F 2-2: SINGLE (Line Drive, 6D) Dale Winters to third Runner from 3rd tries for Home, throw and OUT! | Bottom of the 8th over - 3 runs, 4 hits, 0 errors, 1 left on base; West Virginia 2 - Salem 5 | TOP OF THE 9TH |
---|
West Virginia Power batting - Pitching for Salem Silver Souls : LHP Reynaldo Vázquez | Pitching: RHP Mike Moyer | | Now at 1B: Felipe Castro | | Now at 3B: Alberto Sandoval | | Batting: RHB Millard Walker | 0-0: Ball 1-0: Foul Ball, location: 2F 1-1: Ball 2-1: Ball 3-1: Foul Ball, location: 2F 3-2: Base on Balls | Batting: RHB Vaughan Shelton | 0-0: Called Strike 0-1: Called Strike 0-2: Ball 1-2: Ball 2-2: Foul Ball, location: 2F 2-2: Foul Ball, location: 2F 2-2: Foul Ball, location: 2F 2-2: SINGLE (Line Drive, 9LS) Millard Walker to second | Batting: RHB Diego Benítez | 0-0: Called Strike 0-1: Called Strike 0-2: Foul Ball, location: 2F 0-2: Ball 1-2: Strikes out swinging | Batting: RHB Luis Árias | 0-0: Foul Ball, location: 2F 0-1: Ball 1-1: Ball 2-1: Foul Ball, location: 2F 2-2: Fly out, F4 (Popup, 4D) | Batting: RHB Matt Tucker | 0-0: Called Strike 0-1: Foul Ball, location: 2F 0-2: Strikes out looking | Top of the 9th over - 0 runs, 1 hit, 0 errors, 2 left on base; West Virginia 2 - Salem 5 | |